 Dungeon Crawl Stone Soup version 0.30-a0-137-gd8773701ce (webtiles) character file.

Game seed: 8733625667791633308

365 Pilot the Ducker (level 6, -2/62 HPs)
             Began as a Troll Monk on Sept 21, 2022.
             Slain by a bullfrog (6 damage)
             ... on level 4 of the Dungeon.
             The game lasted 00:14:42 (3070 turns).

Pilot the Ducker (Troll Monk)                       Turns: 3070, Time: 00:14:43

Health: -2/62      AC:  4    Str: 20    XL:     6   Next: 40%
Magic:  5/5        EV: 11    Int:  6    God:
Gold:   200        SH:  0    Dex: 14    Spells: 5/5 levels left

rFire   . . .      SeeInvis .      - Unarmed
rCold   . . .      Faith    .    (no shield)
rNeg    . . .      Spirit   .    a - +0 robe
rPois   .          Reflect  .    (helmet restricted)
rElec   .          Harm     +    p - scarf {harm}
rCorr   .          Rampage  .    (gloves unavailable)
Will    .....                    (boots unavailable)
Stlth   ++........               (no amulet)
HPRegen 1.00/turn                (no ring)
MPRegen 0.09/turn                (no ring)

@: slowed, very slow
A: large, unfitting armour, claws 3, regeneration 1, shaggy fur 1, tough skin 1
a: no special abilities


You were on level 4 of the Dungeon.
You visited 1 branch of the dungeon, and saw 4 of its levels.

You collected 200 gold pieces.

Inventory:

Hand Weapons
 y - a +5 dagger of venom
Missiles
 e - 16 poisoned darts (quivered)
Armour
 a - a +0 robe (worn)
 l - an orb of wrath
 p - a scarf of harm (worn)
Jewellery
 j - a ring of wizardry
Wands
 s - a wand of polymorph (12)
 u - a wand of iceblast (5)
 A - a wand of mindburst (7)
Scrolls
 c - a scroll of amnesia {unknown}
 f - a scroll of immolation {unknown}
 g - 3 scrolls of fear {unknown}
 i - 2 scrolls of teleportation {unknown}
 k - 2 scrolls of magic mapping {unknown}
 r - a scroll of identify {unknown}
Potions
 b - 2 potions of ambrosia
 d - a potion of berserk rage {unknown}
 h - a potion of brilliance {unknown}
 m - a potion of degeneration {unknown}
 n - 3 potions of mutation {unknown}
 o - a potion of cancellation {unknown}
 q - 2 potions of heal wounds {unknown}
 t - a potion of resistance {unknown}
 v - a potion of haste {unknown}
 w - a potion of curing {unknown}
 x - a potion of attraction {unknown}
 z - 2 potions of invisibility {unknown}


   Skills:
 + Level 3.6 Fighting
 + Level 2.6 Throwing
 + Level 3.7 Dodging
 + Level 2.2 Stealth
 - Level 3.0 Unarmed Combat


You had 5 spell levels left.
You didn't know any spells.
Your spell library contained the following spells:

 Spells                   Type           Power      Damage    Failure   Level
 Gell's Gravitas          Tloc           0%         N/A       83%         3
 Lesser Beckoning         Tloc           0%         N/A       83%         3
 Teleport Other           Tloc           0%         N/A       83%         3


Dungeon Overview and Level Annotations

Branches:
Dungeon (4/15)
 Temple: D:4-7

Altars:
Dithmenos
Elyvilon

Shops:
D:1 *


Innate Abilities, Weirdness & Mutations

You are too large for most types of armour.
You have claws for hands.
Your natural rate of healing is unusually fast.
You are covered in fur. (AC +1)
You have tough skin. (AC +1)


Message History

You are poisoned.
You have difficulty breathing.
You feel yourself slow down.
Found a stone staircase leading down.
You feel very sick.
The bullfrog hits you but does no damage.
The giant cockroach bites the bush but does no damage.
You claw the bullfrog! You claw the bullfrog.
The bullfrog is severely wounded.
You feel sick. The bullfrog barely misses you. The bullfrog misses you.
You barely miss the giant cockroach.
You feel sick. The bullfrog hits you. The giant cockroach closely misses you.
The bullfrog hits you! The kobold brigand barely misses you.
The giant cockroach bites you but does no damage.
The kobold brigand attacks as you move away!
The kobold brigand hits you with a +0 short sword.
You feel sick. The bullfrog closely misses you. x2
The giant cockroach bites you but does no damage.
The bullfrog hits you.
The kobold brigand hits you with a +0 short sword.
The bullfrog attacks as you move away! The bullfrog hits you.
You feel sick.
You are no longer poisoned.
The giant cockroach barely misses you.
The giant cockroach bites you but does no damage.
The kobold brigand completely misses the bush.
The bullfrog closely misses you. The bullfrog hits you.
The giant cockroach bites you but does no damage.
You barely miss the bullfrog.
The bullfrog is severely wounded.
The bullfrog barely misses you.
The giant cockroach bites you but does no damage.
The bullfrog hits you!
* * * LOW HITPOINT WARNING * * *
The giant cockroach closely misses you. The bullfrog hits you!
* * * LOW HITPOINT WARNING * * *
The bullfrog hits you.
* * * LOW HITPOINT WARNING * * *
The giant cockroach misses you. The bullfrog hits you.
You die...

#.#.#..# ##.# #.##
#.#.#..###..# #.#
#...#..#...## #.#
#......#.### ##.#
#.P.#.##.# #..#
#.P...#..# #.##
#.P..#..## #.#
#.P....## #.# #@...###
##.# #BF..# ######..###
#K_..# #........)[
#....# #.........#
######...## #.........#
#......P.# ..........#
#......P...##.........#
#......P.####..........
#......P.# #.........#


You could see a kobold brigand, a bullfrog and a giant cockroach.

Vanquished Creatures
  A scorpion (D:4)
  An orc priest (D:4)
  Jessica (D:2)
  Ijyb (D:4)
  3 orc wizards
  4 gnolls
  2 adders
  4 dart slugs
  11 orcs
  7 endoplasms
  5 giant cockroaches
  5 goblins
  9 hobgoblins
  5 kobolds
  6 quokkas
  7 ball pythons
  3 frilled lizards
  3 rats
78 creatures vanquished.

Notes
Turn   | Place    | Note
-------+----------+-------------------------------------------
     0 | D:1      | Pilot the Troll Monk began the quest for the Orb.
     0 | D:1      | Reached XP level 1. HP: 22/22 MP: 0/0
   181 | D:1      | Found Wijyt's Assorted Antiques.
   219 | D:1      | Reached XP level 2. HP: 29/29 MP: 1/1
   545 | D:1      | Reached XP level 3. HP: 36/36 MP: 2/2
   886 | D:2      | Reached skill level 1 in Throwing
  1084 | D:2      | Found a white marble altar of Elyvilon.
  1472 | D:2      | Noticed Jessica
  1478 | D:2      | Killed Jessica
  1479 | D:2      | Reached XP level 4. HP: 31/45 MP: 3/3
  1715 | D:3      | Found a faded altar of an unknown god.
  2204 | D:3      | Reached XP level 5. HP: 53/53 MP: 4/4
  2766 | D:4      | Reached XP level 6. HP: 51/61 MP: 5/5
  2911 | D:4      | Noticed Ijyb
  2924 | D:4      | Killed Ijyb
  3047 | D:4      | Found a shadowy altar of Dithmenos.
  3069 | D:4      | HP: 2/62 [bullfrog (6)]
  3070 | D:4      | Slain by a bullfrog

Illustrated notes

Levels and vault maps discovered:
D:1:      grunt_arrival_crossed_arrows, layout_basic, serial_shops, shop,
          minmay_pentomino_v2
D:2:      minmay_door_path, layout_basic, basic_altar, serial_park_tiny_pond,
          st_stairs_5, uniq_jessica
D:3:      layout_basic, nicolae_ecumenical_pavilion, minmay_quantized
D:4:      layout_rooms, mainiacjoe_overflow_boulevard, uniq_ijyb

Skill      XL: |  1  2  3  4  5 |
---------------+----------------+-----
Throwing       | 1 2 |  2.6
Fighting       | 3 |  3.6
Dodging        | 3 |  3.7
Stealth        | 2 |  2.2
Unarmed Combat | |  3.0

Action                   |  1- 3 |  4- 6 || total
-------------------------+-------+-------++-------
Melee: Unarmed           |    72 |   116 ||   188
       Punch             |     2 |     1 ||     3
       Dagger            |       |     4 ||     4
Throw: Dart              |     5 |     2 ||     7
 Stab: Sleeping          |     7 |     2 ||     9
Armor: Robe              |    21 |    29 ||    50
Dodge: Dodged            |    28 |    80 ||   108

Table legend: (Time is in decaauts)
 A = Elapsed time spent in this place.
 B = Non-inter-level travel time spent in this place.
 C = Inter-level travel time spent in this place.
 D = Time resting spent in this place.
 E = Time spent auto-exploring this place.
 F = Levels seen in this place.
 G = Mean time per level.
                   A        B        C        D        E       F      G
               +--------+--------+--------+--------+--------+-----+--------+
         Total |   3065 |   2499 |    566 |      0 |   1871 |   4 |  766.2 |
       Dungeon |   3065 |   2499 |    566 |      0 |   1871 |   4 |  766.2 |
               +--------+--------+--------+--------+--------+-----+--------+

Top non-repeatable levels by time:
     D:2: 1105 daAuts
     D:1: 843 daAuts
     D:3: 744 daAuts
     D:4: 371 daAuts
